 Dungeon Crawl Stone Soup version 0.23-a0-625-g1d2cd9b (webtiles) character file.

126 mhoghedin the Skirmisher (level 5, -1/34 HPs)
             Began as a Kobold Berserker on Dec 25, 2018.
             Was a Believer of Trog.
             Slain by an orc wizard
             ... wielding a +0 dagger
              (3 damage)
             ... on level 3 of the Dungeon.
             The game lasted 00:04:27 (2965 turns).

mhoghedin the Skirmisher (Kobold Berserker)         Turns: 2965, Time: 00:04:27

Health: -1/34      AC:  2    Str: 16    XL:     5   Next: 32%
Magic:  0/5        EV: 16    Int:  8    God:    Trog [**....]
Gold:   161        SH:  0    Dex: 14    Spells: 4/4 levels left

rFire    . . .     SeeInvis .   a - +1 mace
rCold    . . .     Gourm    .   (shield restricted)
rNeg     . . .     Faith    .   b - +0 animal skin
rPois    +         Spirit   +   (no helmet)
rElec    .         Reflect  .   (no cloak)
rCorr    .         Harm     .   (no gloves)
MR       .....                  (no boots)
Stlth    +.........             e - amulet of guardian spirit {Spirit}
HPRegen  0.11/turn              g - ring of poison resistance {rPois, !d}
MPRegen  0.09/turn              (no ring)

@: berserk cooldown, very slightly contaminated, slowed, invisible, very slow
A: small, carnivore
a: Berserk, Trog's Hand, Renounce Religion


You were on level 3 of the Dungeon.
You worshipped Trog.
Trog was pleased with you.
You were not hungry.

You visited 1 branch of the dungeon, and saw 4 of its levels.

You collected 161 gold pieces.

Inventory:

Hand Weapons
 a - a +1 mace (weapon)
Armour
 b - a +0 animal skin (worn)
Jewellery
 e - an amulet of guardian spirit (around neck) {Spirit}
   (You found it on level 1 of the Dungeon)
 g - a ring of poison resistance (left hand) {rPois, !d}
   (You found it on level 1 of the Dungeon)
Scrolls
 d - 4 scrolls of identify
 f - a scroll of remove curse
 i - 2 scrolls of fear
 k - a scroll of enchant weapon
 m - a scroll of blinking {unknown}
Potions
 h - 2 potions of agility
 l - a potion of curing {unknown}
 n - a potion of mutation {unknown}
Comestibles
 c - 7 rations


   Skills:
 + Level 4.4 Fighting
 + Level 3.6 Maces & Flails
 - Level 1.5 Armour
 + Level 4.0 Dodging


You had 4 spell levels left.
You didn't know any spells.
Your spell library was empty.

Dungeon Overview and Level Annotations

Branches:
Dungeon (4/15)
 Temple: D:4-7

Altars:
Elyvilon
Yredelemnul

Annotations:
D:4 4 runed doors


Innate Abilities, Weirdness & Mutations

You are small and have problems with some larger weapons.
You are carnivorous and can eat meat at any time.


Message History

A dart slug comes into view.
There is a stone staircase leading up here.
A dart slug is nearby!
A dart slug is nearby!
You hit the dart slug. The dart slug barely misses you.
You sock the dart slug!
You kill the dart slug!
Trog accepts your kill.
An orc comes into view. It is wielding a +0 dagger.
You see here a dart slug corpse.
You butcher the dart slug corpse.
An orc comes into view. It is wielding a +0 hand axe.
You see here a chunk of flesh {@w0}.
There are monsters nearby!
There are monsters nearby!
An orc priest comes into view. It is wielding a +0 whip.
An orc comes into view.
It is wearing a +0 ring mail of cold resistance.
An orc wizard comes into view. It is wielding a +0 dagger.
The ogre shouts!
The orc shouts!
The orc priest shouts!
The orc wizard shouts!
What are your orders? t - Shout!
Orders for allies: a - Attack new target. r - Retreat! s - Stop attacking. g - Guard the area. f - Follow me.
Anything else - Cancel.
You shout for attention!
The orc wizard mumbles some strange words.
The orc wizard flickers and vanishes!
Deactivating autopickup; reactivate with Ctrl-A.
The orc hits you with a +0 dagger.
You take 1 damage, and have 33/34 hp.
You now have 4/5 mp.
The orc priest looks braver for a moment.
There is a stone staircase leading up here.
You closely miss the orc. The orc hits you with a +0 dagger.
The orc priest mumbles some strange prayers to Beogh against you.
Beogh smites you!
You take 9 damage, and have 24/34 hp.
MASSIVE DAMAGE!!
You now have 2/5 mp.
You closely miss the orc. The orc closely misses you.
You hit the orc. The orc closely misses you.
You closely miss the orc. The orc misses you.
You hit the orc but do no damage. The orc completely misses you.
You hit the orc.
You kill the orc!
Trog accepts your kill.
You miss something. You completely miss something.
Something hits you but does no damage.
You hit something. Something barely misses you. Something hits you.
You take 2 damage, and have 23/34 hp.
You now have 2/5 mp.
A red film seems to cover your vision as you go berserk!
You feel yourself moving faster!
You feel mighty!
You feel a lot more hungry. Something hits you but does no damage.
You now have 35/51 hp.
You closely miss something. You barely miss something.
You hear some strange, mumbled words.
A magic dart appears from out of thin air!
The magic dart hits you!
You take 6 damage, and have 29/51 hp.
You hit something.
You hear some strange, mumbled words.
You are confused.
You're too confused to attack without stumbling around!
You bump into the rock wall.
Something hits you.
You take 4 damage, and have 25/51 hp.
You now have 1/5 mp.
You closely miss something.
You bump into the rock wall.
Something hits you but does no damage.
You barely miss something. Something hits you.
You take 1 damage, and have 24/51 hp.
Something hits you but does no damage.
In your confused state, you trip and fall back down the stairs.
You feel a strong urge to attack something.
You take 1 damage, and have 23/51 hp.
You are no longer berserk.
You are exhausted.
You feel yourself slow down. Something hits you.
In your confused state, you trip and fall back down the stairs.
You feel less confused. Something hits you.
* * * LOW HITPOINT WARNING * * *
You now have 10/34 hp.
You hear some strange, mumbled words.
A puff of flame appears from out of thin air!
The puff of flame hits you!
* * * LOW HITPOINT WARNING * * *
Something hits you.
* * * LOW HITPOINT WARNING * * *
You climb upwards.
Reactivating autopickup.
There is a stone staircase leading down here.
You take 8 damage, and have 2/34 hp.
MASSIVE DAMAGE!!
You now have 0/5 mp.
It was a potion of invisibility.
You fade into invisibility!
You are very lightly contaminated with residual magic.
Something hits you.
You die...

#..# ####.......#
##.#### #...........
#.....# ##.#.........
#.....# #....<.......
#.....###............
#.........(..........
#.....##)............
#.....##.............
#..>@.##.####........
######...# ##.....##
##.##############
#................
################# #


There were no monsters in sight!

Vanquished Creatures
  5 adders
  2 oozes (D:2)
  3 worms
  3 dart slugs
  2 orcs
  3 ball pythons
  6 bats
  2 giant cockroaches
  9 goblins
  8 hobgoblins
  2 quokkas (D:2)
  4 frilled lizards
  6 kobolds
  4 rats
59 creatures vanquished.

Notes
Turn   | Place    | Note
-------+----------+-------------------------------------------
     0 | D:1      | mhoghedin the Kobold Berserker began the quest for the Orb.
     0 | D:1      | Reached XP level 1. HP: 14/14 MP: 1/1
   156 | D:1      | Reached XP level 2. HP: 19/19 MP: 2/2
   598 | D:1      | Reached skill level 3 in Maces & Flails
   760 | D:2      | Reached skill level 3 in Dodging
   776 | D:2      | Found a basalt altar of Yredelemnul.
   787 | D:2      | Reached XP level 3. HP: 20/24 MP: 1/3
   973 | D:2      | Reached ** piety under Trog
  1224 | D:2      | Reached XP level 4. HP: 29/29 MP: 4/4
  1232 | D:2      | Reached skill level 4 in Fighting
  2203 | D:3      | Reached XP level 5. HP: 26/33 MP: 5/5
  2208 | D:3      | HP: 6/33 [worm (10)]
  2473 | D:3      | Found a white marble altar of Elyvilon.
  2645 | D:3      | Reached skill level 4 in Dodging
  2925 | D:4      | Found a large runed door.
  2925 | D:4      | Found a large runed door.
  2932 | D:4      | Found a large runed door.
  2932 | D:4      | Found a large runed door.
  2933 | D:4      | Noticed an ogre
  2934 | D:4      | Found the +3 warlock's mirror {reflect}
  2962 | D:4      | HP: 4/34 [something/puff of flame (6)]
  2965 | D:3      | Slain by an orc wizard

Vault maps used:
D:1:      minmay_arrival_radiant_lines, ebering_dispersal_statue_hall
D:2:      yredelemnul_altar_generic, roderic_lattice_a, minmay_pentomino_v4
D:3:      lemuel_crystal_altar, kennysheep_generic_room_3
D:4:      first_ration, corexii_corridor_pit, grunt_ministairs_8,
          serial_park_tiny_pond, minmay_hollow_rounded_squares, uniq_menkaure

Skill      XL: |  1  2  3  4  5 |
---------------+----------------+-----
Maces & Flails | 3 |  3.6
Dodging        | 3 4 |  4.0
Fighting       | 4 |  4.4
Armour         | |  1.5

Action                   |  1- 3 |  4- 6 || total
-------------------------+-------+-------++-------
Melee: Mace              |    75 |   145 ||   220
Invok: Berserk           |     3 |     2 ||     5
  Use: Scroll            |       |     7 ||     7
       Potion            |       |     1 ||     1
 Stab: Sleeping          |       |     1 ||     1
  Eat: Chunk             |     1 |    10 ||    11
       Ration            |     1 |       ||     1
Armor: Animal skin       |    10 |    23 ||    33
Dodge: Dodged            |    64 |   127 ||   191

Table legend:
 A = Non-vault XP
 B = Vault XP
 C = Vault XP percentage of total XP
 D = Non-vault monster count
 E = Vault monster count
 F = Vault count percentage of total count
                 A         B        C        D         E       F
            +---------+---------+-------+---------+---------+-------
      Total |     176 |       5 |   2.8 |      56 |       3 |   5.1
            +---------+---------+-------+---------+---------+-------
        D:1 |      22 |       0 |   0.0 |      13 |       0 |   0.0
        D:2 |     104 |       5 |   4.6 |      32 |       3 |   8.6
        D:3 |      43 |       0 |   0.0 |       9 |       0 |   0.0
        D:4 |       7 |       0 |   0.0 |       2 |       0 |   0.0
            +---------+---------+-------+---------+---------+-------

Vault maps used:
D:1:      minmay_arrival_radiant_lines, ebering_dispersal_statue_hall
D:2:      yredelemnul_altar_generic, roderic_lattice_a, minmay_pentomino_v4
D:3:      lemuel_crystal_altar, kennysheep_generic_room_3
D:4:      first_ration, corexii_corridor_pit, grunt_ministairs_8,
          serial_park_tiny_pond, minmay_hollow_rounded_squares, uniq_menkaure

Table legend:
 A = Turns spent in this place as a percentage of turns spent in the entire game.
 B = Non-inter-level travel turns spent in this place as a percentage of non-inter-level travel turns spent in the entire game.
 C = Inter-level travel turns spent in this place as a percentage of turns spent in this place.
 D = Turns resting spent in this place as a percentage of non-inter-level travel turns spent in this place.
 E = Turns spent auto-exploring this place as a percentage of non-inter-level travel turns spent in this place.
 F = Non-inter-level travel turns spent in this place divided by the number of levels of this place that you've seen.
                   A       B       C       D       E      F
               +-------+-------+-------+-------+-------+----------------------
         Total | 100.0 | 100.0 |   2.5 |  31.9 |  49.6 | 722.5
       Dungeon | 100.0 | 100.0 |   2.5 |  31.9 |  49.6 | 722.5
               +-------+-------+-------+-------+-------+----------------------

Table legend:
 A = Kills in this place as a percentage of kills in entire the game.
 B = Kills by you in this place as a percentage of kills by you in the entire game.
 C = Kills by friends in this place as a percentage of kills by friends in the entire game.
 D = Other kills in this place as a percentage of other kills in the entire game.
 E = Experience gained in this place as a percentage of experience gained in the entire game.
 F = Experience gained in this place divided by the number of levels of this place that you have seen.
                   A       B       C       D       E      F
               +-------+-------+-------+-------+-------+----------------------
         Total | 100.0 | 100.0 |   N/A |   N/A | 100.0 |  45.2
       Dungeon | 100.0 | 100.0 |   N/A |   N/A | 100.0 |  45.2
               +-------+-------+-------+-------+-------+----------------------
